Map: Dusk Towers

Players

NeverLucky

  • Race: Zerg Zerg
  • League: Master

Miszu - Winner!

  • Race: Terran Terran
  • League: Master

VOD

Have the link to the VOD?

Description

Time

  • Played on: March 12, 2016, 4:34 p.m.
  • Length: 11:57
Show
View Real Time Build Order
Export as new Build Order

NeverLucky Zerg 

Build Orders: Hatch First 

Get SALT Encoding   

  12  0:00  Drone  
  13  0:12  Overlord  
  13  0:17  Drone  
  14  0:30  Drone x2  
  14  0:35  Drone  
  17  0:52  Hatchery  
  17  0:55  Drone  
  17  0:58  Drone  
  17  1:00  Extractor  
  17  1:07  Drone  
  18  1:17  Spawning Pool  
  17  1:22  Drone  
  18  1:29  Drone  
  19  1:41  Overlord  
  19  1:50  Drone  
  20  2:01  Drone  
  21  2:03  Metabolic Boost, Queen  
  21  2:04  Queen  
  21  2:06  Zergling x2  
  26  2:11  Zergling x2  
  27  2:17  Drone  
  27  2:22  Drone  
  29  2:33  Drone x2  
  29  2:36  Overlord  
  31  2:39  Queen  
  32  2:46  Zergling x4  
  34  2:51  Roach Warren  
  34  2:54  Drone  
  32  3:16  Zergling x2  
  32  3:17  Zergling x16  
  39  3:25  Queen  
  41  3:27  Zergling x4  
  36  3:42  Drone  
  36  3:43  Drone  
  38  3:53  Drone x2  
  41  3:55  Roach  
  41  3:56  Roach  
  43  4:08  Hatchery  
  43  4:10  Hatchery  
  42  4:20  Ravager  
  42  4:21  Overlord  
  42  4:22  Overlord  
  43  4:36  Overlord  
  43  4:41  Ravager  
  43  4:42  Roach x2  
  48  4:52  Drone x4  
  52  4:53  Drone x2  
  52  4:54  Drone x3  
  52  4:55  Extractor  
  56  5:00  Drone  
  56  5:02  Drone x2  
  56  5:05  Overlord x2  
  59  5:08  Ravager  
  60  5:15  Ravager  
  60  5:16  Overlord x2  
  61  5:25  Drone x3  
  61  5:26  Drone  
  61  5:27  Evolution Chamber  
  61  5:28  Overlord, Evolution Chamber  
  63  5:33  Drone x2  
  63  5:34  Drone  
  66  5:39  Drone  
  66  5:40  Drone x2  
  69  5:43  Drone  
  69  5:44  Spore Crawler  
  69  5:45  Drone  
  70  5:50  Drone  
  70  5:54  Zerg Melee Weapons Level 1  
  70  5:55  Drone x3  
  74  5:59  Drone x2  
  76  6:04  Drone x2  
  76  6:05  Drone x2  
  76  6:10  Zerg Ground Armor Level 1  
  79  6:18  Baneling Nest  
  79  6:19  Extractor, Drone x2  
  79  6:25  Zergling x14  
  86  6:31  Hatchery  
  85  6:37  Drone x3  
  88  6:47  Overlord  
  88  6:49  Extractor  
  87  6:57  Lair  
  87  6:58  Drone x3  
  87  6:59  Drone x2  
  87  7:00  Drone x3  
  87  7:01  Extractor, Zergling x4  
  95  7:02  Extractor  
  95  7:11  Zergling x2  
  95  7:12  Zergling x18  
  95  7:14  Baneling x2  
  95  7:15  Baneling x2  
  104  7:19  Zergling x4  
  106  7:29  Hatchery  
  105  7:34  Zergling x8  
  101  7:44  Zergling x6  
  101  7:49  Drone  
  101  7:50  Drone  
  103  7:55  Drone x3  
  106  8:01  Infestation Pit  
  106  8:03  Drone x2  
  106  8:04  Zerg Ground Armor Level 2  
  106  8:05  Zerg Melee Weapons Level 2  
  107  8:06  Centrifical Hooks  
  107  8:14  Zergling x10  
  107  8:15  Zergling x4  
  107  8:17  Drone  
  107  8:18  Overlord  
  114  8:21  Spore Crawler  
  111  8:36  Drone x7  
  111  8:37  Drone  
  111  8:40  Spine Crawler  
  118  8:54  Hive, Infestor x2  
  118  8:55  Infestor x2  
  126  9:05  Overlord x10  
  126  9:06  Overlord  
  126  9:28  Zergling x32  
  142  9:35  Hatchery  
  140  9:56  Zergling x30  
  155  10:06  Ultralisk Cavern, Adrenal Glands  
  153  10:14  Zergling x16  
  153  10:15  Zergling x2  
  157  10:31  Zergling x14  
  157  10:32  Zergling x8  
  142  10:56  Ultralisk  
  167  10:57  Ultralisk x4  
  167  11:01  Zergling x2  
  167  11:02  Zergling x24  
  175  11:12  Zergling x2, Ultralisk  
  175  11:16  Zergling x4  
  175  11:17  Zergling x4  
  172  11:33  Zergling x2  
  172  11:34  Zergling x14  
  172  11:37  Zergling x2  
  172  11:38  Zergling x8  
Show
View Real Time Build Order
Export as new Build Order

Miszu Terran - Winner!

Build Orders: MMM Bio 

Get SALT Encoding   

  12  0:00  SCV  
  13  0:12  SCV  
  14  0:17  Supply Depot  
  14  0:24  SCV  
  15  0:39  SCV  
  15  0:40  Barracks  
  16  0:44  Refinery  
  16  0:51  SCV  
  17  1:03  SCV  
  18  1:09  Barracks  
  18  1:15  SCV  
  19  1:19  Barracks  
  19  1:28  Reaper  
  19  1:32  Refinery  
  20  1:41  Orbital Command  
  20  1:54  Supply Depot  
  20  1:56  Reaper  
  20  2:00  Reaper  
  22  2:08  SCV  
  23  2:16  Reaper  
  23  2:21  SCV  
  25  2:23  Supply Depot  
  25  2:28  Reaper  
  26  2:33  Reaper, SCV  
  28  2:45  SCV  
  28  2:48  Reaper  
  30  3:01  Reaper  
  30  3:20  Reaper  
  30  3:23  Reaper  
  30  3:24  SCV  
  30  3:26  Command Center  
  33  3:33  Reaper  
  34  3:36  SCV  
  31  3:47  Command Center  
  31  3:48  SCV  
  33  3:57  Barracks Reactor  
  33  4:00  SCV  
  33  4:10  Barracks Reactor  
  33  4:12  SCV  
  34  4:22  Barracks Tech Lab  
  33  4:28  Barracks Tech Lab, SCV  
  34  4:31  Factory  
  34  4:40  Marine, SCV, Stimpack  
  34  4:42  Orbital Command  
  34  4:44  Refinery  
  36  4:45  Refinery  
  36  4:46  Engineering Bay  
  36  4:50  Marine x3  
  36  4:52  SCV  
  40  4:55  Engineering Bay  
  40  4:57  Marine  
  41  5:04  SCV, Orbital Command  
  42  5:09  SCV  
  44  5:16  SCV  
  44  5:21  Starport, SCV  
  45  5:23  Factory Reactor  
  46  5:29  Terran Infantry Armor Level 1  
  46  5:30  Terran Infantry Weapons Level 1  
  46  5:32  SCV  
  46  5:35  Orbital Command  
  46  5:36  SCV  
  46  5:38  Combat Shields  
  47  5:44  Supply Depot, SCV  
  47  5:46  Marine  
  47  5:48  Marine, SCV  
  47  5:49  Marine  
  51  5:50  Marine  
  51  5:56  SCV  
  54  6:02  SCV  
  54  6:03  SCV  
  54  6:04  Marine  
  56  6:06  Marine, Factory Tech Lab  
  56  6:07  Marine  
  56  6:08  Marine, SCV  
  61  6:11  Medivac x2  
  61  6:14  SCV  
  61  6:15  SCV  
  67  6:20  SCV  
  67  6:23  Barracks  
  67  6:24  Barracks  
  67  6:25  Marine  
  68  6:26  SCV  
  68  6:28  SCV  
  68  6:32  Supply Depot, SCV  
  72  6:38  Supply Depot, SCV  
  73  6:40  SCV  
  73  6:42  Armory  
  73  6:44  SCV  
  75  6:50  SCV  
  75  6:54  Siege Tank, SCV, Concussive Shells  
  76  6:56  SCV  
  76  7:00  Supply Depot, Marauder  
  83  7:03  SCV  
  83  7:06  SCV  
  85  7:08  SCV  
  85  7:09  Marauder  
  85  7:15  Marine  
  89  7:16  Barracks Reactor, Barracks Tech Lab  
  89  7:17  Medivac  
  89  7:19  SCV x2  
  89  7:21  Supply Depot  
  89  7:22  Marauder  
  95  7:23  Supply Depot  
  95  7:30  Marauder  
  95  7:35  Marine, Marauder  
  95  7:36  Marine  
  93  7:42  SCV x2  
  93  7:43  Marauder, SCV  
  93  7:46  Siege Tank  
  93  7:51  Terran Infantry Armor Level 2, Terran Infantry Weapons Level 2  
  96  7:52  Marine x2  
  96  7:54  SCV x2  
  96  7:58  Barracks  
  102  7:59  Barracks  
  102  8:03  Barracks, Terran Vehicle Weapons Level 1  
  102  8:05  Marine x2  
  102  8:11  Marine x4  
  107  8:12  SCV  
  107  8:13  SCV x2  
  107  8:16  Refinery x2  
  107  8:19  Supply Depot x2  
  109  8:20  Marine  
  109  8:23  Marine x2  
  109  8:24  SCV  
  113  8:29  Marine x4  
  117  8:40  Marine, Medivac x2, Siege Tank  
  117  8:41  Marine x2  
  127  8:51  Marine  
  127  8:52  Marauder  
  129  8:55  Marine  
  129  8:56  Marine x3  
  129  9:02  Marine x4  
  137  9:03  Supply Depot  
  137  9:04  Supply Depot  
  137  9:09  Marine  
  138  9:10  Medivac  
  138  9:12  Marine, Siege Tank  
  138  9:13  Marine  
  138  9:15  Barracks Tech Lab  
  135  9:17  Barracks Tech Lab  
  135  9:18  Medivac  
  135  9:20  Marine x2, Marauder x2  
  135  9:21  Barracks Tech Lab  
  143  9:27  Marine  
  143  9:31  Marauder  
  146  9:35  Marine, Marauder  
  149  9:38  Marine  
  149  9:39  Marine, Marauder  
  149  9:40  Medivac  
  149  9:42  Marauder x2  
  149  9:44  Siege Tank  
  162  9:48  Marauder, Medivac, Command Center  
  165  10:04  Marine x2, Marauder x3  
  165  10:05  Supply Depot  
  165  10:07  Supply Depot x2  
  173  10:26  Marine x5, Marauder, SCV  
  173  10:28  Marine x2, Medivac, Marauder x2  
  184  10:44  Marine x2, Marauder  
  184  10:45  Marine x2  
  184  10:46  Marauder x2  
  184  10:48  Marauder  
  184  10:49  Marine  
  177  10:52  Marauder  
  166  11:02  Marine x2  
  166  11:03  Marine  
  163  11:06  Marauder  
  163  11:08  Marauder x2  
  163  11:09  SCV x2  
  170  11:12  Marine x2  
  170  11:25  Marine  
  164  11:26  Marine, Marauder  
Tags
 
Composition
MMM Bio
Matchup
TvZ
Add a new tag
Caveats
  • Supply blocks, unpowered buildings, or Contaminate may cause inaccurate times.
  • Supply counts are checked every 10 seconds.